 Dungeon Crawl Stone Soup version 0.21.1-1-g345015fe64 (webtiles) character file.

132393 PikkenKukken the Severer (level 16, -15/146 HPs)
             Began as a Hill Orc Fighter on May 12, 2018.
             Was the Champion of Beogh.
             Killed from afar by Nikola (23 damage)
             ... with a chain lightning
             ... on level 2 of the Swamp.
             The game lasted 03:11:39 (37319 turns).

PikkenKukken the Severer (Hill Orc Fighter)        Turns: 37319, Time: 03:11:41

Health: -15/146    AC: 17    Str: 18 (19) XL:     16   Next: 79%
Magic:  23/23      EV: 19    Int:  7 (8)  God:    Beogh [******]
Gold:   1547       SH: 17    Dex: 16 (18) Spells: 15/15 levels left

rFire    + . .     SeeInvis .   a - +7 war axe "Qerid" {pain, rPois MR+++ Str-5}
rCold    + . .     Gourm    .   c - +0 shield
rNeg     + . .     Faith    .   w - +5 ring mail of Altruism {Regen+}
rPois    +         Spirit   .   p - +2 hat {MR+}
rElec    .         Reflect  .   m - scarf {rC+ rF+}
rCorr    .         Harm     .   (no gloves)
MR       +++++                  P - +1 pair of boots "Deghiosch" {rN+ Dex+4}
Stlth    +.........             E - amulet of rage
HPRegen  0.74/turn              l - +6 ring of evasion
MPRegen  0.18/turn              u - +3 ring of evasion

@: berserk cooldown, slowed, very slow
A: walk on water, antennae 1, large bone plates 1, agile 1
}: 1/15 runes: gossamer
a: Smiting, Recall Orcish Followers, Give Item to Named Follower, Resurrection,
Renounce Religion, Evoke Berserk Rage


You were on level 2 of the Swamp.
You worshipped Beogh.
Beogh was exalted by your worship.
You were not hungry.

You visited 5 branches of the dungeon, and saw 26 of its levels.

You collected 2093 gold pieces.
You spent 546 gold pieces at shops.

Inventory:

Hand Weapons
 a - the +7 war axe "Qerid" (weapon) {pain, rPois MR+++ Str-5}
   (You found it on level 10 of the Dungeon)

   In the hands of one skilled in necromantic magic, it inflicts extra damage on
   living creatures.
   It affects your strength (-5).
   It protects you from poison.
   It affects your resistance to hostile enchantments.
 b - a +9 fustibalus
 o - the +2 mace of Okawaru's Reproof {flame, rN+ Dex+3}
   (You found it on level 6 of the Lair of Beasts)

   It has been specially enchanted to burn those struck by it, causing extra
   injury to most foes and up to half again as much damage against particularly
   susceptible opponents.
   It affects your dexterity (+3).
   It protects you from negative energy.
Missiles
 R - 111 sling bullets
Armour
 c - a +0 shield (worn)
 j - a +10 plate armour
 m - a scarf of resistance (worn)
 p - a +2 hat of magic resistance (worn)
 w - the +5 ring mail of Altruism (worn) {Regen+}
   (You found it on level 4 of the Spider Nest)

   It increases your rate of regeneration.
 P - the +1 pair of boots "Deghiosch" (worn) {rN+ Dex+4}
   (You found it on level 4 of the Lair of Beasts)

   It affects your dexterity (+4).
   It protects you from negative energy.
Jewellery
 g - an uncursed ring of protection from magic
 i - the ring "Xiom" {Fire Str+3, unknown}
   (You acquired it on level 2 of the Swamp)

   [ring of fire]

   It enhances your fire magic.
   It affects your strength (+3).
   It protects you from fire.
   It makes you vulnerable to cold.
 l - a +6 ring of evasion (left hand)
 u - a +3 ring of evasion (right hand)
 B - an uncursed ring of resist corrosion {unknown}
 E - an amulet of rage (around neck)
Wands
 r - a wand of digging (7)
 C - a wand of flame (37)
 M - a wand of enslavement (32)
 T - a wand of iceblast (34)
Scrolls
 s - a scroll of enchant weapon
 x - 11 scrolls of teleportation
 F - 11 scrolls of remove curse
 I - a scroll of fog {unknown}
 Q - 2 scrolls of holy word
 S - 2 scrolls of magic mapping
 W - 2 scrolls of fear {unknown}
 X - a scroll of silence {unknown}
 Z - a scroll of torment {unknown}
Potions
 d - a potion of berserk rage
 e - 7 potions of curing
 k - 2 potions of might
 n - 6 potions of flight
 t - 8 potions of ambrosia
 v - 4 potions of haste
 A - 4 potions of agility
 D - a potion of mutation
 G - 2 potions of resistance
 H - a potion of heal wounds
 L - 2 potions of invisibility
 N - 4 potions of cancellation
 U - 2 potions of magic
Miscellaneous
 q - a phial of floods
 z - a lamp of fire
 O - a fan of gales
 V - 2 phantom mirrors
 Y - a phial of floods
Comestibles
 f - 13 rations


   Skills:
 + Level 14.3 Fighting
 + Level 16.5(18.1) Axes
 - Level 11.6(14.4) Maces & Flails
 + Level 9.0(9.2) Slings
 + Level 2.0(6.0) Throwing
 + Level 12.2 Armour
 - Level 0.1 Stealth
 + Level 12.7 Shields
 + Level 10.2 Invocations
 + Level 7.9 Evocations


You had 15 spell levels left.
You didn't know any spells.

Dungeon Overview and Level Annotations

Branches:
Dungeon (11/15)            Temple (0/1) D:5            Lair (6/6) D:8
  Swamp (3/4) Lair:4       Spider (4/4) Lair:4        Slime (0/5) Lair:5
    Orc (2/2) D:11            Elf (0/3) Orc:2

Altars:
Cheibriados
Elyvilon
Fedhas
Kikubaaqudgha
Makhleb
Vehumet
Beogh

Shops:
D:5 :   D:10 *   Orc:2 :??(

Annotations:
D:3 1 runed door
Lair:3 exclusion: 2 oklob plants
Swamp:2 Nikola


Innate Abilities, Weirdness & Mutations

You can walk on water.
You have a pair of small antennae on your head.
You are partially covered in large bone plates. (SH +4)
You are agile. (Dex +2)


Message History

You feel yourself slow down. Nikola gestures at you while chanting.
The bolt of lightning hits you!
Nikola casts a spell.
Nikola blinks!
You can move again.
There is a stone staircase leading up here.
You see here a scroll of vulnerability.
Unknown command.
You feel much better. Nikola gestures at you while chanting. The zap hits you!
Nikola casts a spell.
You hear a mighty clap of thunder!
The lightning arc hits you!
* * * LOW HITPOINT WARNING * * *
The lightning arc hits Nikola.
The lightning arc hits you!
* * * LOW HITPOINT WARNING * * *
The lightning arc hits Nikola.
The lightning arc hits you!
You die...

♣...≈≈.. ♣♣♣♣≈.≈≈≈♣♣
♣♣♣♣♣♣.≈♣♣≈.≈≈.♣♣
♣♣♣..≈.♣≈..≈≈.≈≈≈≈♣♣
♣.≈≈.≈≈≈≈≈./.≈≈≈≈.≈♣
♣.≈≈≈≈≈.≈≈.....≈≈.♣♣
♣....≈≈≈...≈..≈≈≈[♣
♣≈≈≈.≈≈≈.≈♣♣≈..≈≈.♣
♣♣.≈§≈≈.♣≈≈♣♣.@††♣♣♣
♣♣.≈≈...≈♣♣♣♣@.≈>§§♣
♣≈.......≈(♣..≈≈≈♣♣♣
♣♣....≈..≈≈≈≈≈≈≈≈≈♣♣
♣♣...≈♣≈.[....≈≈.≈♣
♣.........≈≈...≈.♣
♣...≈......≈≈..§≈♣♣
♣♣≈...♣≈..≈≈≈≈..≈.♣
♣≈.≈♣♣♣♣.≈≈≈≈≈≈<≈♣


You could see Nikola.

Vanquished Creatures
  A thorn hunter (Swamp:2)
  5 ghost moths
  3 emperor scorpions (Spider:4)
  Aizul (Spider:1)
  2 entropy weavers (Spider:4)
  A very ugly thing (Swamp:1)
  Snorg (Lair:6)
  An ogre mage (Orc:2)
  Erolcha (D:9)
  A catoblepas (Lair:6)
  6 hydras
  A deep troll shaman (Lair:6)
  A two-headed ogre (D:8)
  4 alligators
  8 death yaks
  2 swamp dragons
  Pikel (D:7)
  A lindwurm (Lair:6)
  The ghost of Viceroy the Combatant, a novice CeWr of Okawaru (D:6)
  4 orc sorcerers (Orc:2)
  20 wolf spiders
  11 orb spiders
  An oklob plant (Lair:5)
  4 elephants
  3 black mambas
  Psyche (D:8)
  A centaur zombie (D:11)
  11 spiny frogs
  2 molten gargoyles (Lair:3)
  A rime drake (Lair:6)
  8 komodo dragons
  2 kobold demonologists (D:11)
  10 demonic crawlers
  24 jumping spiders
  5 polar bears
  Prince Ribbit (D:8)
  8 hippogriffs
  A bog body (Swamp:1)
  2 dream sheep (D:9)
  12 hornets
  3 slime creatures (Swamp:1)
  8 blink frogs
  Sigmund (D:3)
  A shadow (D:9)
  60 redbacks
  A spriggan (Swamp:3)
  2 wyverns
  19 tarantellas
  26 yaks
  2 hungry ghosts
  7 vampire mosquitoes (Swamp:1)
  7 swamp worms
  4 insubstantial wisps (Swamp:2)
  6 porcupines
  8 water moccasins
  6 orc warriors
  4 black bears
  2 ice beasts
  2 swamp drakes
  2 sky beasts
  A slave (D:7)
  A phantom (D:9)
  10 ogres
  2 wolves (Lair:6)
  2 centaurs
  15 crocodiles
  10 bullfrogs
  3 big kobolds (D:9)
  3 scorpions
  5 killer bees
  4 wights
  4 electric eels
  2 howler monkeys (D:9)
  2 bullfrog zombies
  5 crimson imps
  4 lava snakes (Lair:3)
  2 quasits
  7 hounds
  2 bullfrog skeletons
  4 orc priests
  A centaur skeleton (D:6)
  5 orc wizards
  An iron imp (D:7)
  5 iguanas
  6 worker ants
  A hound skeleton (D:6)
  5 worker ant zombies
  Robin (D:2)
  11 adders
  4 shadow imps
  An adder zombie (D:6)
  4 worms
  3 dart slugs
  7 leopard geckos
  21 orcs
  A ball python (D:1)
  6 giant cockroaches
  16 goblins
  7 hobgoblins
  15 jackals
  5 kobolds
  2 quokkas
  9 bats
  8 frilled lizards
  A jackal zombie (D:6)
  A leopard gecko skeleton (D:4)
  A quokka skeleton (D:5)
  A quokka zombie (D:2)
  5 rats
  3 fungi (Lair:5)
  3 plants
593 creatures vanquished.

Vanquished Creatures (collateral kills)
  2 emperor scorpions
  An entropy weaver (Spider:4)
  Nessos (Lair:5)
  3 hydras
  A two-headed ogre (D:11)
  A catoblepas (Lair:5)
  3 death yaks
  Urug (D:10)
  A lindwurm (Lair:6)
  An ugly thing (D:11)
  9 wolf spiders
  3 orb spiders
  5 orc sorcerers (Orc:2)
  3 elephants (Lair:5)
  2 black mambas (Lair:6)
  A spiny frog (Lair:6)
  A rime drake (Lair:6)
  A komodo dragon (Lair:3)
  2 demonic crawlers
  8 jumping spiders
  3 hornets (Spider:3)
  2 trolls
  3 polar bears
  2 hippogriffs
  2 blink frogs (Lair:3)
  3 tarantellas (Spider:2)
  22 redbacks
  7 yaks
  2 wargs (Orc:2)
  A swamp worm (Swamp:1)
  A soldier ant (D:11)
  A porcupine (Lair:3)
  5 water moccasins
  An ice beast (D:10)
  5 orc warriors
  3 ogres (Orc:2)
  An eye of draining (D:10)
  4 wolves
  A centaur (D:10)
  5 crocodiles
  3 bullfrogs
  3 wights
  A lava snake (Lair:3)
  A bullfrog zombie (D:10)
  A hound (D:10)
  A centaur skeleton (D:10)
  2 orc priests
  6 orc wizards
  A hound skeleton (D:9)
  A howler monkey skeleton (D:11)
  6 orcs
  2 fungi (Lair:2)
  7 plants
159 creatures vanquished.

Vanquished Creatures (others)
  5 orc knights
  3 orc sorcerers
  3 orc warriors
  8 orc priests
  19 orc wizards
  41 orcs
  A bush (Lair:5)
  16 fungi
  20 plants
116 creatures vanquished.

Grand Total: 868 creatures vanquished

Notes
Turn   | Place    | Note
-------+----------+-------------------------------------------
     0 | D:1      | PikkenKukken the Hill Orc Fighter began the quest for the Orb.
     0 | D:1      | Reached XP level 1. HP: 19/19 MP: 1/1
   204 | D:1      | Reached XP level 2. HP: 27/27 MP: 2/2
  1148 | D:1      | Reached XP level 3. HP: 27/33 MP: 3/3
  1882 | D:2      | Reached XP level 4. HP: 38/40 MP: 4/4
  2314 | D:2      | Noticed Robin
  2333 | D:2      | Killed Robin
  2535 | D:3      | Reached XP level 5. HP: 44/46 MP: 5/5
  3225 | D:3      | Noticed Sigmund
  3228 | D:3      | Killed Sigmund
  3228 | D:3      | Reached skill level 5 in Maces & Flails
  3228 | D:3      | Reached skill level 5 in Shields
  3228 | D:3      | Reached XP level 6. HP: 53/53 MP: 6/6
  3281 | D:3      | Found a runed door.
  3281 | D:3      | Noticed an angel
  3282 | D:3      | Found a white marble altar of Elyvilon.
  3850 | D:4      | Became a worshipper of Beogh the Brigand
  3855 | D:4      | Reached XP level 7. HP: 60/60 MP: 7/7
  4006 | D:4      | Reached skill level 5 in Fighting
  4405 | D:5      | Entered Level 5 of the Dungeon
  5445 | D:5      | Reached XP level 8. HP: 68/68 MP: 8/8
  5569 | D:5      | Reached skill level 1 in Invocations
  5611 | D:5      | Found Fewe's Book Shoppe.
  5691 | D:5      | Found a staircase to the Ecumenical Temple.
  6094 | D:6      | Reached * piety under Beogh
  6192 | D:6      | Reached skill level 1 in Evocations
  6629 | D:6      | Noticed Viceroy's ghost (novice CeWr)
  6766 | D:6      | Killed Viceroy's ghost
  6766 | D:6      | Reached skill level 1 in Throwing
  6766 | D:6      | Reached XP level 9. HP: 67/75 MP: 9/11
  7378 | D:7      | Found a snail-covered altar of Cheibriados.
  7386 | D:7      | Reached skill level 5 in Armour
  7740 | D:7      | Noticed Pikel
  7755 | D:7      | Killed Pikel
  7755 | D:7      | Reached skill level 5 in Invocations
  8117 | D:8      | Noticed a two-headed ogre
  8126 | D:8      | Killed a two-headed ogre
  8126 | D:8      | Reached XP level 10. HP: 84/84 MP: 12/14
  8173 | D:8      | Reached ** piety under Beogh
  9025 | D:8      | Noticed Prince Ribbit
  9041 | D:8      | Reached skill level 5 in Evocations
  9054 | D:8      | Reached skill level 10 in Maces & Flails
  9063 | D:8      | Found a staircase to the Lair.
  9397 | D:8      | Noticed Psyche
  9412 | D:8      | Killed Psyche
  9481 | D:8      | Reached XP level 11. HP: 93/93 MP: 16/16
  9670 | D:8      | Killed Prince Ribbit
  9846 | D:9      | Noticed Erolcha
  9856 | D:9      | Killed Erolcha
 10017 | D:9      | Reached *** piety under Beogh
 10278 | Lair:1   | Entered Level 1 of the Lair of Beasts
 10910 | Lair:1   | Reached skill level 1 in Slings
 12785 | D:9      | Found a burning altar of Makhleb.
 12785 | D:9      | Noticed a green death
 12835 | D:9      | Reached XP level 12. HP: 91/103 MP: 18/18
 13303 | D:9      | Noticed a two-headed hydra
 13313 | D:9      | Killed a two-headed hydra
 13319 | D:9      | Reached **** piety under Beogh
 13781 | Lair:2   | Reached skill level 10 in Shields
 14442 | D:10     | Entered Level 10 of the Dungeon
 14443 | D:10     | Found a blossoming altar of Fedhas.
 14496 | D:10     | Got a polished war axe
 14497 | D:10     | Identified the +7 war axe "Qerid" {pain, rPois MR+++ Str-5} (You found it on level 10 of the Dungeon)
 14836 | Lair:3   | Reached skill level 1 in Axes
 14848 | Lair:3   | Gained Gorg as an ally
 14991 | Lair:3   | Reached skill level 2 in Axes
 15008 | Lair:3   | Reached skill level 3 in Axes
 15033 | Lair:3   | Reached skill level 4 in Axes
 15112 | Lair:3   | Reached ***** piety under Beogh
 15155 | Lair:3   | Reached skill level 5 in Axes
 15185 | Lair:3   | Reached skill level 10 in Invocations
 15719 | Lair:3   | Reached skill level 6 in Axes
 15752 | Lair:3   | Got a fine brass ring
 15754 | Lair:3   | Identified the ring "Fiycluv" {AC+1 Dex+5 Slay-4} (You found it on level 3 of the Lair of Beasts)
 16025 | Lair:4   | Your ally Gorg died
 16184 | Lair:4   | Found a staircase to the Swamp.
 16279 | Lair:4   | Found a transporter.
 16343 | Lair:4   | Found a transporter.
 16421 | Lair:5   | Noticed a seven-headed hydra
 16874 | D:10     | Noticed Urug
 16888 | D:10     | Killed Urug
 17074 | D:10     | Found Kimeut's General Store.
 17082 | D:10     | Bought a scroll of enchant weapon for 97 gold pieces
 17095 | D:10     | Reached skill level 7 in Axes
 17612 | D:11     | Found a staircase to the Orcish Mines.
 17699 | D:11     | Noticed a two-headed ogre
 17706 | D:11     | Killed a two-headed ogre
 17706 | D:11     | Reached XP level 13. HP: 111/111 MP: 20/20
 17722 | D:11     | Reached skill level 8 in Axes
 18179 | D:11     | Gained Orkwin as an ally
 18558 | D:11     | Got a smoking leather armour
 18559 | D:11     | Identified the +3 leather armour of the Alphagorgon {rN+ Str+2 Int-3 Dex+2} (You found it on level 11 of the Dungeon)
 18806 | Orc:1    | Entered Level 1 of the Orcish Mines
 19044 | Orc:2    | Entered Level 2 of the Orcish Mines
 19282 | Orc:2    | Reached skill level 9 in Axes
 19625 | Orc:2    | Found a staircase to the Elven Halls.
 20113 | Orc:2    | Reached skill level 10 in Fighting
 20376 | Orc:2    | Found Peecid's Antique Weapon Boutique.
 20557 | Orc:2    | Found a radiant altar of Vehumet.
 20558 | Orc:2    | Noticed an ogre mage
 20576 | Orc:2    | Killed an ogre mage
 20629 | Orc:2    | Found Voghoit's Magic Scroll Boutique.
 20643 | Orc:2    | Reached skill level 10 in Axes
 20747 | Orc:2    | Found an ancient bone altar of Kikubaaqudgha.
 20858 | Orc:2    | Bought a scroll of identify for 22 gold pieces
 20992 | Orc:2    | Found a roughly hewn altar of Beogh.
 20999 | Orc:2    | Found Tiamuif's Magic Scroll Shop.
 21006 | Orc:2    | Found Ciugeisch's Book Boutique.
 21009 | Orc:2    | Bought a scroll of enchant armour for 112 gold pieces
 21009 | Orc:2    | Bought a scroll of identify for 30 gold pieces
 21009 | Orc:2    | Bought a scroll of identify for 30 gold pieces
 21009 | Orc:2    | Bought 2 scrolls of holy word for 225 gold pieces
 21009 | Orc:2    | Bought a scroll of identify for 30 gold pieces
 22894 | Lair:5   | Gained Wargrak as an ally
 23347 | Lair:5   | Noticed Nessos
 23367 | Lair:5   | Your ally Orkwin died
 23369 | Lair:5   | Killed Nessos
 23603 | Lair:5   | Reached skill level 11 in Axes
 23734 | Lair:5   | Found a staircase to the Slime Pits.
 23962 | Lair:6   | Entered Level 6 of the Lair of Beasts
 24384 | Lair:5   | Reached XP level 14. HP: 121/122 MP: 21/21
 24395 | Lair:6   | Reached skill level 12 in Axes
 24625 | Lair:6   | Got a warped mace
 24626 | Lair:6   | Identified the +2 mace of Okawaru's Reproof {flame, rN+ Dex+3} (You found it on level 6 of the Lair of Beasts)
 24662 | Lair:6   | Reached skill level 5 in Slings
 24742 | Lair:6   | Noticed Snorg
 24757 | Lair:6   | Killed Snorg
 24940 | Lair:6   | Got a heavy robe
 24972 | Lair:6   | Identified the +1 robe "Olakuhu" {rPois rC+} (You found it on level 6 of the Lair of Beasts)
 25229 | Lair:6   | Your ally Wargrak died
 25232 | Lair:6   | Reached skill level 13 in Axes
 25683 | Lair:6   | Reached skill level 10 in Armour
 26725 | Lair:6   | Got a brightly glowing tin ring
 26726 | Lair:6   | Identified the cursed ring "Taacap" {Int-3 Dex+6} (You found it on level 6 of the Lair of Beasts)
 27203 | Lair:4   | Found a hole to the Spider Nest.
 27397 | Lair:4   | Got a pair of slimy boots
 27406 | Lair:4   | Identified the +1 pair of boots "Deghiosch" {rN+ Dex+4} (You found it on level 4 of the Lair of Beasts)
 27448 | Spider:1 | Entered Level 1 of the Spider Nest
 27798 | Spider:1 | Reached ****** piety under Beogh
 27994 | Spider:1 | Reached skill level 14 in Axes
 28165 | Spider:1 | Noticed an emperor scorpion
 28182 | Spider:1 | Killed an emperor scorpion
 28182 | Spider:1 | Reached XP level 15. HP: 132/132 MP: 22/22
 28197 | Spider:1 | Gained Bladwarg as an ally
 28210 | Spider:1 | Got a transparent quarterstaff
 28287 | Spider:1 | Noticed Aizul
 28299 | Spider:1 | Killed Aizul
 28621 | Spider:1 | Your ally Bladwarg died
 29765 | Spider:2 | Killed a ghost moth
 30479 | Spider:3 | Reached skill level 15 in Axes
 31071 | Spider:3 | Noticed an emperor scorpion
 31088 | Spider:3 | Killed an emperor scorpion
 31325 | Spider:3 | Gained Boruk as an ally
 32198 | Spider:4 | Entered Level 4 of the Spider Nest
 33082 | Spider:4 | Killed a ghost moth
 33274 | Spider:4 | Reached XP level 16. HP: 129/144 MP: 23/23
 33312 | Spider:4 | Reached skill level 16 in Axes
 33333 | Spider:4 | Gained Bogbarth as an ally
 33505 | Spider:4 | Gained Bogwald as an ally
 33563 | Spider:3 | Your ally Bogwald died
 34326 | Spider:4 | Got a faintly humming ring mail
 35046 | Spider:4 | Got a gossamer rune of Zot
 35514 | Spider:3 | Your ally Bogbarth died
 35741 | Swamp:1  | Entered Level 1 of the Swamp
 36070 | Swamp:1  | Identified the +5 ring mail of Altruism {Regen+} (You found it on level 4 of the Spider Nest)
 36174 | Swamp:1  | Gained mutation: You are agile. (Dex +2) [potion of mutation]
 36174 | Swamp:1  | Gained mutation: You have a pair of small antennae on your head. [potion of mutation]
 36174 | Swamp:1  | Gained mutation: You are partially covered in large bone plates. (SH +4) [potion of mutation]
 36606 | Swamp:2  | Noticed a thorn hunter
 36623 | Swamp:2  | Killed a thorn hunter
 36905 | Swamp:2  | Identified a scroll of acquirement
 36909 | Swamp:2  | Got a scintillating golden ring
 37113 | Swamp:3  | Noticed Nikola
 37319 | Swamp:2  | Killed from afar by Nikola

Skill      XL: |  1  2  3  4  5  6  7  8  9 10 11 12 13 14 15 16 |
---------------+-------------------------------------------------+-----
Fighting       | 4 5 6 7 8 9 10 11 13 14 | 14.3
Maces & Flails | 3 5 6 7 9 10 11 | 11.6
Shields        | 4 5 6 8 9 10 11 12 | 12.7
Armour         | 4 5 6 7 8 9 10 11 12 | 12.2
Invocations    | 3 5 7 9 10 | 10.2
Evocations     | 2 4 5 6 7 |  7.9
Throwing       | 1 2 |  2.0
Slings         | 1 3 4 6 7 9 |  9.0
Axes           | 7 11 14 15 16 | 16.5
Stealth        | |  0.1

Action                   |  1- 3 |  4- 6 |  7- 9 | 10-12 | 13-15 | 16-18 || total
-------------------------+-------+-------+-------+-------+-------+-------++-------
Melee: Flail             |   152 |   299 |   447 |   785 |       |       ||  1683
       War axe           |       |       |       |   174 |   955 |   384 ||  1513
 Fire: Hunting sling     |       |       |       |    35 |       |       ||    35
       Fustibalus        |       |       |       |    27 |   221 |   128 ||   376
Throw: Tomahawk          |       |       |    29 |     4 |       |       ||    33
Invok: Convert to Beogh  |       |     1 |       |       |       |       ||     1
       Smiting           |       |       |       |     3 |     5 |     1 ||     9
       Recall Orcish Fol |       |       |       |     4 |    17 |     2 ||    23
       Give Item to Name |       |       |       |       |     3 |       ||     3
       Resurrection      |       |       |       |       |       |     1 ||     1
 Abil: Evoke Berserk Rag |       |       |     4 |    13 |    11 |     8 ||    36
Evoke: Wand              |       |       |       |     1 |       |       ||     1
  Use: Scroll            |     6 |     2 |     6 |    13 |    26 |     7 ||    60
       Potion            |     3 |     1 |       |     2 |     9 |     7 ||    22
 Stab: Distracted        |       |       |       |     6 |    15 |     4 ||    25
       Paralysed         |       |       |       |     3 |     4 |       ||     7
       Petrified         |       |       |       |       |     4 |       ||     4
       Confused          |       |       |       |       |     1 |       ||     1
  Eat: Chunk             |     3 |     7 |     6 |    16 |     4 |       ||    36
       Ration            |       |       |     4 |     9 |    16 |     6 ||    35
Armor: Scale mail        |     3 |       |       |       |       |       ||     3
       Plate armour      |    87 |   139 |   191 |   317 |   626 |   132 ||  1492
       Ring mail         |       |       |       |       |       |    47 ||    47
Dodge: Dodged            |    67 |   113 |   250 |   424 |   584 |   258 ||  1696
Block: Shield            |    96 |   177 |   271 |   500 |   736 |   273 ||  2053
